 Dungeon Crawl Stone Soup version 0.16.1-51-g6203257 (webtiles) character file.

2 CcS the Sneak (level 1, 0/9 HPs)
             Began as a Spriggan Ice Elementalist on July 26, 2015.
             Slain by a hobgoblin (5 damage)
             ... on level 1 of the Dungeon.
             The game lasted 00:00:26 (99 turns).

CcS the Sneak (Spriggan Ice Elementalist)             Turns: 99, Time: 00:00:26

Health: 0/9        AC:  2    Str:  4    XL:     1   Next: 25%
Magic:  0/4        EV: 18    Int: 16    God:
Gold:   0          SH:  0    Dex: 16    Spells: 1 memorised, 4 levels left

rFire  . . .     SeeInvis +     e - +0 dagger
rCold  . . .     Clarity  .     a - +0 robe
rNeg   . . .     SustAb   .     (shield restricted)
rPois  .         Gourm    .     (helmet restricted)
rElec  .         Spirit   .     (no cloak)
rCorr  .         Warding  .     (gloves unavailable)
rMut   .         Stasis   .     (boots unavailable)
MR     .....                    (no amulet)
Stlth  +++.......               (no ring)
                                (no ring)

@: very slightly contaminated, very quick, not resistant to hostile
enchantments, fairly stealthy
A: unfitting armour, see invisible, herbivore 3, speed 3, slow metabolism 2
a: no special abilities


You were on level 1 of the Dungeon.
You were not hungry.

You visited 1 branch of the dungeon, and saw 1 of its levels.

Inventory:

Hand weapons
 e - a +0 dagger (weapon)
   (You took it off a goblin on level 1 of the Dungeon)
 h - a +0 dagger
   (You found it on level 1 of the Dungeon)
Armour
 a - a +0 robe (worn)
Potions
 d - a potion of curing {unknown}
Books
 b - a book of Frost
Comestibles
 c - a bread ration {@e1}
 f - a slice of pizza
 g - 4 fruits


   Skills:
 - Level 3.0 Dodging
 - Level 3.2 Stealth
 + Level 2.6 Spellcasting
   Level 0.6 Conjurations
 + Level 2.4 Ice Magic


You had 4 spell levels left.
You knew the following spells:

 Your Spells              Type           Power        Failure   Level  Hunger
a - Freeze                Ice            ##..         10%         1    #......


Dungeon Overview and Level Annotations

Branches:
Dungeon (1/15)

Altars:


Innate Abilities, Weirdness & Mutations

You are tiny and cannot use many weapons and most armour.
You have supernaturally acute eyesight.
You are a herbivore.
You cover ground extremely quickly.
You need consume almost no food.


Message History

Welcome, CcS the Spriggan Ice Elementalist.
The destiny of this world depends on the Orb of Zot.
Go down and get it!
Found a staircase leading out of the dungeon.
You open the gate.
There is an open gate here.
A goblin comes into view. It is wielding a dagger.
You see here a lumpy brown potion.
d - a lumpy brown potion That would be overly suicidal.
Okay, then.
The goblin hits you but does no damage.
Aim: a goblin, wielding a dagger You freeze the goblin.
You kill the goblin!
You now have 3/4 mp.
There are no items here.
Unknown command.
e - a dagger A giant newt comes into view.
The giant newt moves out of view.
The giant newt is too close now for your liking.
A giant newt is nearby!
A giant newt is nearby!
f - a slice of pizza
There are no items here.
A giant newt is nearby!
A giant newt is nearby!
You closely miss the giant newt. The giant newt barely misses you.
Aim: a giant newt You freeze the giant newt.
The giant newt seems to slow down.
The giant newt barely misses you.
You now have 2/4 mp.
Aim: a giant newt (severely wounded, slow)
You freeze the giant newt.
You kill the giant newt!
You now have 1/4 mp.
Found a pair of glowing gloves.
g - 4 fruits You open the large door.
A giant cockroach comes into view.
There is a large open door here.
A giant cockroach is nearby!
A giant cockroach is nearby!
There is a large open door here.
The giant cockroach misses you.
MP restored: 4
Aim: a giant cockroach You miscast Freeze.
You are very lightly contaminated with residual magic.
You hear a crackling sound.
The giant cockroach bites you but does no damage.
You now have 3/4 mp.
Aim: a giant cockroach You freeze the giant cockroach.
The giant cockroach misses you.
You now have 2/4 mp.
Aim: a giant cockroach (moderately wounded)
You freeze the giant cockroach. The giant cockroach bites you.
You take 1 damage, and have 8/9 hp.
You now have 1/4 mp.
Aim: a giant cockroach (severely wounded)
You freeze the giant cockroach.
You kill the giant cockroach!
You now have 0/4 mp.
Found a stone staircase leading down.
h - a dagger A hobgoblin comes into view.
There is a stone staircase leading down here.
A hobgoblin is nearby!
A hobgoblin is nearby!
The hobgoblin shouts!
You hit the hobgoblin but do no damage. The hobgoblin hits you.
You take 3 damage, and have 5/9 hp.
MASSIVE DAMAGE!!
Aim: a hobgoblin You freeze the hobgoblin.
The hobgoblin barely misses you.
You now have 0/4 mp.
Wield which item (- for none, * to show all)? (? for menu, Esc to quit)
e - a +0 dagger (weapon)
Unknown command.
You closely miss the hobgoblin. The hobgoblin misses you.
You hit the hobgoblin but do no damage. The hobgoblin hits you.
Ouch! That really hurt!
You die...

............# .#......
............# .........
............# #........#
............# #........#
............## #........#
#...#####....###..........
##### #.##.....>.....(..
....# #.#...###.........
....# #.....#.@...$.....
....# ###...#g#########
....# #...#. ....+ ##.##.
#[..# #.##. #... #.##. #..
#.... # ## #


You could see a hobgoblin.

Vanquished Creatures
  A giant cockroach (D:1)
  A giant newt (D:1)
  A goblin (D:1)
3 creatures vanquished.

Notes
Turn   | Place    | Note
--------------------------------------------------------------
     0 | D:1      | CcS, the Spriggan Ice Elementalist, began the quest for the Orb.
     0 | D:1      | Reached XP level 1. HP: 9/9 MP: 4/4
    99 | D:1      | Slain by a hobgoblin

Action                   || total
-------------------------++-------
Melee: Unarmed           ||     2
       Dagger            ||     2
 Cast: Freeze            ||     7

Vault maps used:
D:1:      saegor_arrival_simple_c, minmay_shallow_snake_nest

Table legend:
 A = Turns spent in this place as a percentage of turns spent in the entire game.
 B = Non-inter-level travel turns spent in this place as a percentage of non-inter-level travel turns spent in the entire game.
 C = Inter-level travel turns spent in this place as a percentage of turns spent in this place.
 D = Turns resting spent in this place as a percentage of non-inter-level travel turns spent in this place.
 E = Turns spent auto-exploring this place as a percentage of non-inter-level travel turns spent in this place.
 F = Non-inter-level travel turns spent in this place divided by the number of levels of this place that you've seen.
                   A       B       C       D       E      F
               +-------+-------+-------+-------+-------+----------------------
         Total | 100.0 | 100.0 |   0.0 |   0.0 |  13.0 |  54.0
       Dungeon | 100.0 | 100.0 |   0.0 |   0.0 |  13.0 |  54.0
               +-------+-------+-------+-------+-------+----------------------

Table legend:
 A = Kills in this place as a percentage of kills in entire the game.
 B = Kills by you in this place as a percentage of kills by you in the entire game.
 C = Kills by friends in this place as a percentage of kills by friends in the entire game.
 D = Other kills in this place as a percentage of other kills in the entire game.
 E = Experience gained in this place as a percentage of experience gained in the entire game.
 F = Experience gained in this place divided by the number of levels of this place that you have seen.
                   A       B       C       D       E      F
               +-------+-------+-------+-------+-------+----------------------
         Total | 100.0 | 100.0 |  -nan |  -nan | 100.0 |   3.0
       Dungeon | 100.0 | 100.0 |  -nan |  -nan | 100.0 |   3.0
               +-------+-------+-------+-------+-------+----------------------
